 Dungeon Crawl Stone Soup version 0.31-a0-252-gc4385922b5 (webtiles) character file.

Game seed: 12047068163578061711

1165 qw the Skirmisher (level 8, -18/70 HPs)
             Began as a Minotaur Hexslinger on July 12, 2023.
             Demolished by a two-headed ogre
             ... wielding a +0 dire flail
              (27 damage)
             ... on level 6 of the Dungeon.
             The game lasted 00:02:06 (4844 turns).

qw the Skirmisher (Minotaur Hexslinger)             Turns: 4844, Time: 00:02:07

Health: -18/70     AC: 10    Str: 12    XL:     8   Next: 17%
Magic:  8/8        EV: 12    Int: 10    God:
Gold:   331        SH:  0    Dex: 16    Spells: 8/9 levels left

rFire   . . .        Y - +1 sling
rCold   + . .        (no shield)
rNeg    . . .        n - +2 leather armour {rPois}
rPois   +            (helmet restricted)
rElec   .            p - +3 cloak of the Storm King {rC+}
rCorr   +            (no gloves)
SInv    .            e - +0 pair of boots
Will    .....        o - amulet of faith
Stlth   +            h - ring of resist corrosion
HPRegen 0.31/turn    (no ring)
MPRegen 0.11/turn

%: faith
@: no status effects
A: horns 2, retaliatory headbutt
a: no special abilities


You were on level 6 of the Dungeon.
You visited 1 branch of the dungeon, and saw 7 of its levels.

You collected 331 gold pieces.


Innate Abilities, Weirdness & Mutations

You have a pair of horns on your head.
You reflexively headbutt those who attack you in melee.


   Skills:
 - Level 6.1 Fighting
 + Level 9.0 Ranged Weapons
 - Level 1.2 Armour
 - Level 3.0 Dodging
 - Level 1.0 Spellcasting
 - Level 2.0 Hexes


You had 8 spell levels left.
You knew the following spells:

 Your Spells              Type           Power      Damage    Failure   Level
a - Slow                  Hex            16%        N/A       19%         1

Your spell library contained the following spells:

 Spells                   Type           Power      Damage    Failure   Level
 Inner Flame              Hex/Fire       2%         N/A       65%         3
 Portal Projectile        Hex/Tloc       4%         N/A       65%         3
 Cause Fear               Hex            2%         N/A       88%         4

Inventory:

Hand Weapons
 Y - a +1 sling (weapon)
Armour
 e - a +0 pair of boots (worn)
 n - a +2 leather armour of poison resistance (worn)
 p - the +3 cloak of the Storm King (worn) {rC+}
   (You acquired it on level 7 of the Dungeon)

   rC:        It protects you from cold.
Jewellery
 b - an amulet of regeneration
 h - a ring of resist corrosion (left hand)
 o - an amulet of faith (around neck)
Scrolls
 i - 2 scrolls of identify
Potions
 c - a potion of might
 f - a potion of haste {unknown}
 l - a potion of curing
 m - 2 potions of enlightenment

Dungeon Overview and Level Annotations

Branches:
Dungeon (7/15)
 Temple: D:4-7

Altars:
Nemelex Xobeh
Xom


Message History

The two-headed ogre barely misses you.
The two-headed ogre hits you with a +0 giant spiked club.
You shoot a sling bullet.
The sling bullet hits the two-headed ogre.
The two-headed ogre is moderately wounded.
The two-headed ogre misses you. You furiously retaliate!
You headbutt the two-headed ogre. The two-headed ogre closely misses you.
You shoot a sling bullet.
The sling bullet hits the two-headed ogre!
The two-headed ogre is moderately wounded.
You shoot a sling bullet.
The sling bullet hits the two-headed ogre!
The two-headed ogre is heavily wounded.
The two-headed ogre hits you but does no damage.
The two-headed ogre completely misses you.
You shoot a sling bullet.
The sling bullet hits the two-headed ogre!
The two-headed ogre is severely wounded.
The two-headed ogre hits you with a +0 dire flail!
The two-headed ogre completely misses you.
You shoot a sling bullet.
The sling bullet hits the two-headed ogre.
The two-headed ogre is severely wounded.
The two-headed ogre completely misses you.
You furiously retaliate!
You headbutt the two-headed ogre.
The two-headed ogre hits you with a +0 giant spiked club!!
You shoot a sling bullet.
The sling bullet hits the two-headed ogre.
The two-headed ogre is severely wounded.
You shoot a sling bullet.
The sling bullet hits the two-headed ogre.
The two-headed ogre is severely wounded.
The two-headed ogre hits you with a +0 dire flail!!
The two-headed ogre closely misses you.
You shoot a sling bullet.
The sling bullet hits the two-headed ogre.
The two-headed ogre is severely wounded.
The two-headed ogre misses you.
The two-headed ogre hits you with a +0 giant spiked club!!
You die...

#.##.##.#
#.##..#.#
#.......#
#####.### #.#
## #.# . #.####
.#
#....###.####.
##..#..@O......
#...#...#.####.
#.#####.# ..
#...#...# ##
###.#.### #...#
#####


You could see a two-headed ogre.

Vanquished Creatures
  A water moccasin (D:5)
  A black bear (D:4)
  An ice beast (D:5)
  3 ogres
  A scorpion (D:4)
  2 jellies
  2 hounds
  3 orc priests
  A gnoll bouda (D:5)
  An iguana (D:5)
  2 orc wizards
  9 gnolls (D:5)
  4 adders
  3 worms
  A dart slug (D:4)
  17 orcs
  4 bats
  9 endoplasms
  7 giant cockroaches
  8 goblins
  5 hobgoblins
  2 jackals (D:2)
  3 quokkas
  7 ball pythons
  7 frilled lizards
  10 kobolds
  2 rats
116 creatures vanquished.

Notes
Turn   | Place    | Note
-------+----------+-------------------------------------------
     0 | D:1      | qw the Minotaur Hexslinger began the quest for the Orb.
     0 | D:1      | Reached XP level 1. HP: 16/16 MP: 1/1
     0 | D:1      | 0 ||| qw: Version: 0.3-a-52-g30416fa
     0 | D:1      | 0 ||| qw: Game counter: 6635
     0 | D:1      | 0 ||| qw: Melee chars always use a shield: true
     0 | D:1      | 0 ||| qw: God list: Okawaru
     0 | D:1      | 0 ||| qw: Allow faded altars: false
     0 | D:1      | 0 ||| qw: Do Orc after clearing Dungeon:15 true
     0 | D:1      | 0 ||| qw: Do second Lair branch before Depths: true
     0 | D:1      | 0 ||| qw: Lair rune preference: random
     0 | D:1      | 0 ||| qw: Goals: Normal
     0 | D:1      | 0 ||| PLANNING D:1-11
   192 | D:1      | Reached skill level 3 in Ranged Weapons
   251 | D:1      | Reached XP level 2. HP: 23/23 MP: 2/2
   714 | D:1      | 714 ||| UPGRADING to +0 ring mail.
   724 | D:1      | 724 ||| DROPPING +0 robe.
   725 | D:1      | 725 ||| UPGRADING to ring of resist corrosion.
   726 | D:1      | 726 ||| READING 2 scrolls labelled QOJAOCOUTH.
   729 | D:1      | 729 ||| DRINKING 2 coppery potions.
   765 | D:1      | 765 ||| DROPPING scroll of poison.
   766 | D:1      | 766 ||| DROPPING potion of lignification.
   790 | D:2      | Reached XP level 3. HP: 28/28 MP: 3/3
   980 | D:2      | 980 ||| FLEEEEING.
   988 | D:2      | 988 ||| FLEEEEING.
  1123 | D:2      | Reached skill level 4 in Ranged Weapons
  1383 | D:2      | Reached skill level 1 in Armour
  1504 | D:2      | 1504 ||| UPGRADING to +0 cloak.
  1509 | D:2      | 1509 ||| UPGRADING to amulet of regeneration.
  1514 | D:2      | 1514 ||| READING scroll labelled JOMAFU TOSEO.
  1632 | D:3      | Found a shimmering altar of Xom.
  1650 | D:3      | Reached XP level 4. HP: 32/36 MP: 4/4
  2199 | D:3      | 2199 ||| UPGRADING to +2 leather armour of poison
                  | resistance.
  2209 | D:3      | 2209 ||| DROPPING +0 ring mail.
  2210 | D:3      | 2210 ||| READING scroll labelled ZIVO PITOECHO.
  2226 | D:3      | 2226 ||| READING scroll labelled GOCURE QAMN.
  2259 | D:4      | 2259 ||| STAIRDANCE
  2272 | D:4      | 2272 ||| STAIRDANCE
  2298 | D:4      | Reached skill level 5 in Ranged Weapons
  2411 | D:4      | Reached XP level 5. HP: 41/41 MP: 5/5
  2426 | D:4      | Noticed a black bear
  2433 | D:4      | Killed a black bear
  2555 | D:4      | Found a sparkling altar of Nemelex Xobeh.
  2670 | D:4      | Reached XP level 6. HP: 39/53 MP: 6/6
  2677 | D:4      | Reached skill level 6 in Ranged Weapons
  2972 | D:4      | You fall into a shaft and drop 3 floors!
  3001 | D:7      | Reached skill level 7 in Ranged Weapons
  3030 | D:7      | 3030 ||| UPGRADING to +0 pair of boots.
  3035 | D:7      | 3035 ||| UPGRADING to amulet of faith.
  3045 | D:7      | 3045 ||| READING 2 scrolls labelled MOEZIE HOROID.
  3046 | D:7      | 3046 ||| READING scroll labelled SOPLEF UTILATE.
  3046 | D:7      | Identified a scroll of acquirement
  3046 | D:7      | 3046 ||| ACQUIRING +3 cloak of the Storm King {rC+}
  3046 | D:7      | Acquired the +3 cloak of the Storm King {rC+}
  3048 | D:7      | 3048 ||| UPGRADING to +3 cloak of the Storm King {rC+}.
  3058 | D:7      | 3058 ||| DROPPING +0 cloak.
  3059 | D:7      | 3059 ||| READING scroll labelled VAVYUM FOCZET.
  3060 | D:7      | 3060 ||| READING scroll labelled BOPORALARA.
  3061 | D:7      | 3061 ||| READING scroll labelled KAIKHO KOYRE.
  3062 | D:7      | 3062 ||| DRINKING 2 grey potions.
  3063 | D:7      | 3063 ||| DRINKING 2 blue potions.
  3064 | D:7      | 3064 ||| DRINKING 3 fizzy pink potions.
  3065 | D:7      | 3065 ||| DROPPING scroll of fog.
  3077 | D:6      | Reached XP level 7. HP: 60/60 MP: 7/7
  3172 | D:5      | Entered Level 5 of the Dungeon
  3234 | D:5      | Reached skill level 8 in Ranged Weapons
  3291 | D:5      | 3291 ||| FLEEEEING.
  3296 | D:5      | 3296 ||| STAIRDANCE
  3325 | D:4      | 3325 ||| DRINKING 2 fuming amethyst potions.
  3753 | D:5      | 3753 ||| Stepping ~*~*~tactically~*~*~ (outnumbered).
  3755 | D:5      | 3755 ||| Stepping ~*~*~tactically~*~*~ (outnumbered).
  3756 | D:5      | 3756 ||| FLEEEEING.
  3757 | D:5      | 3757 ||| FLEEEEING.
  3771 | D:5      | Reached skill level 3 in Dodging
  3799 | D:5      | HP: 15/61 [gnoll/+0 spear[a gnoll bouda] (3)]
  3800 | D:5      | 3800 ||| READING scroll of teleportation.
  3802 | D:5      | 3802 ||| DRINKING potion of heal wounds.
  3959 | D:5      | Reached XP level 8. HP: 46/69 MP: 8/8
  4246 | D:5      | Reached skill level 9 in Ranged Weapons
  4439 | D:5      | Reached skill level 6 in Fighting
  4782 | D:5      | 4782 ||| READING scroll labelled DAGRIX PAAFRABUN.
  4783 | D:5      | 4783 ||| DRINKING 2 white potions.
  4784 | D:5      | 4784 ||| DRINKING 2 fizzy blue potions.
  4785 | D:5      | 4785 ||| DROPPING potion of attraction.
  4786 | D:5      | 4786 ||| DROPPING potion of brilliance.
  4832 | D:6      | Noticed a two-headed ogre
  4843 | D:6      | HP: 9/70 [two-headed ogre/+0 dire flail (21)]
  4844 | D:6      | Demolished by a two-headed ogre

Levels and vault maps discovered:
D:1:      lightli_arrival_chessboard, layout_basic
D:2:      layout_loops_ring, chequers_serial_rivers_small_3,
          minmay_misc_feat_more_columns
D:3:      layout_rooms, mainiacjoe_overflow_24_doors, serial_bayou,
          serial_bayou_ford_a, serial_bayou_shore_a, serial_bayou_crossing,
          serial_bayou_pond_c, glass_columns_a
D:4:      layout_basic, lemuel_doored_altar, minmay_pentomino_pile
D:5:      layout_layer_cave
D:6:      layout_loops_cross, yredelemnul_altar_generic, temple_green
D:7:      layout_loops_corners

Skill      XL: |  1  2  3  4  5  6  7  8 |
---------------+-------------------------+-----
Ranged Weapons | 3 4 5 7 8 9 |  9.0
Fighting       | 2 4 5 6 |  6.1
Armour         | 1 |  1.2
Dodging        | 3 |  3.0
Spellcasting   | |  1.0
Hexes          | |  2.0

Action                     |  1- 3 |  4- 6 |  7- 9 || total
---------------------------+-------+-------+-------++-------
   Fire: Sling             |   141 |   140 |   183 ||   464
    Use: Scroll            |     2 |     7 |     2 ||    11
         Potion            |     1 |     3 |     4 ||     8
 Armour: Ring mail         |    12 |     6 |       ||    18
         Leather armour    |       |    19 |    37 ||    56
  Dodge: Dodged            |    31 |    50 |    93 ||   174

Table legend:
 A = Non-vault XP
 B = Vault XP
 C = Vault XP percentage of total XP
 D = Non-vault monster count
 E = Vault monster count
 F = Vault count percentage of total count
                 A         B        C        D         E       F
            +---------+---------+-------+---------+---------+-------
      Total |    1526 |     139 |   8.3 |     111 |       5 |   4.3
            +---------+---------+-------+---------+---------+-------
        D:1 |      34 |       0 |   0.0 |      21 |       0 |   0.0
        D:2 |      47 |       0 |   0.0 |      23 |       0 |   0.0
        D:3 |      59 |       0 |   0.0 |      18 |       0 |   0.0
        D:4 |     344 |     139 |  28.8 |      17 |       5 |  22.7
        D:5 |     872 |       0 |   0.0 |      26 |       0 |   0.0
        D:6 |      86 |       0 |   0.0 |       2 |       0 |   0.0
        D:7 |      84 |       0 |   0.0 |       4 |       0 |   0.0
            +---------+---------+-------+---------+---------+-------
